 Dungeon Crawl Stone Soup version 0.28-a0-1382-g92835e5c71 (console) character file.

Game seed: 11821229155166807835

9681 jejorda2 the Basher (level 11, -7/89 HPs)
             Began as a Yellow Draconian Berserker on Jan 1, 2022.
             Was an Elder of Trog.
             Mangled by a cyan ugly thing (13 damage)
             ... on level 11 of the Dungeon.
             The game lasted 00:28:43 (12406 turns).

jejorda2 the Basher (Yellow Draconian Berserker)   Turns: 12406, Time: 00:28:43

Health: -7/89      AC:  7    Str: 19    XL:     11   Next: 26%
Magic:  11/11      EV: 17    Int:  8    God:    Trog [****..]
Gold:   568        SH: 10    Dex: 15    Spells: 10/10 levels left

rFire   . . .      SeeInvis .   a - +0 morningstar (vorpal)
rCold   . . .      Faith    .   p - +0 kite shield
rNeg    + . .      Spirit   .   (armour unavailable)
rPois   .          Reflect  .   (helmet restricted)
rElec   .          Harm     .   (no cloak)
rCorr   +          Rampage  .   (no gloves)
Will    .....                   (no boots)
Stlth   +.........              (no amulet)
HPRegen 0.24/turn               e - +4 ring of evasion
MPRegen 0.12/turn               j - ring of positive energy

@: no status effects
A: spit acid, AC +7, unfitting armour, cold-blooded, acid resistance
a: Breathe Acid, Renounce Religion, Berserk, Trog's Hand, Brothers in Arms


You were on level 11 of the Dungeon.
You worshipped Trog.
Trog was greatly pleased with you.
You visited 1 branch of the dungeon, and saw 11 of its levels.
You also visited: Ossuary.

You collected 763 gold pieces.
You spent 195 gold pieces at shops.

Inventory:

Hand Weapons
 a - a +0 vorpal morningstar (weapon)
Missiles
 i - a curare-tipped dart
 x - 4 silver javelins
 y - 27 poisoned darts
 B - 4 boomerangs
Armour
 p - a +0 kite shield (worn)
Jewellery
 e - a +4 ring of evasion (left hand)
 j - a ring of positive energy (right hand)
Wands
 d - a wand of flame (9)
 z - a wand of digging (8)
 C - a wand of acid (8)
 D - a wand of paralysis (11)
Scrolls
 h - 2 scrolls of magic mapping
 m - 2 scrolls of teleportation
 n - a scroll of enchant armour
 r - a scroll of immolation
 A - a scroll of enchant weapon
 E - a scroll of fear
 F - a scroll of fog
 G - a scroll of summoning
Potions
 b - a potion of invisibility {unknown}
 c - 4 potions of curing
 f - a potion of attraction {unknown}
 g - 3 potions of might
 k - a potion of cancellation {unknown}
 l - a potion of mutation {unknown}
 o - 4 potions of haste
 q - 2 potions of berserk rage {unknown}
 s - 2 potions of degeneration {unknown}
 t - 6 potions of heal wounds
 u - a potion of lignification {unknown}
 v - 2 potions of magic {unknown}
 w - 2 potions of resistance {unknown}


   Skills:
 - Level 6.0 Fighting
 * Level 14.8 Maces & Flails
 - Level 6.0 Dodging
 + Level 6.5 Shields


You had 10 spell levels left.
You didn't know any spells.
Your spell library was empty.

Dungeon Overview and Level Annotations

Branches:
Dungeon (11/15)            Temple (0/1) D:4            Lair (0/6) D:8
    Orc (0/2) D:11        Ossuary (visited)

Altars:
Cheibriados
Dithmenos
Fedhas
Gozag
Kikubaaqudgha
Makhleb
Nemelex Xobeh
Okawaru
Ru
Sif Muna
Xom
Zin
The Shining One
Beogh

Shops:
D:5 :   D:10 ?

Annotations:
D:5 3 runed translucent doors, SkeletonJelly's ghost, novice DrMo


Innate Abilities, Weirdness & Mutations

You can spit globs of acid.
Your golden yellow scales are hard. (AC +7)
You cannot fit into any form of body armour.
You are cold-blooded and may be slowed by cold attacks.
You are resistant to acid. (rCorr)


Message History

The orc warrior moves out of view.
You barely miss the warg. The warg barely misses you.
The gnoll sergeant closely misses you. The gnoll barely misses you.
You closely miss the warg. The warg completely misses you.
The gnoll sergeant hits you with a +3 spear of pain.
The gnoll hits you with a +0 club. The warg bites you!
You closely miss the warg.
You tail-slap the warg, but do no damage.
You block the gnoll sergeant's attack. You block the gnoll's attack.
The warg closely misses you.
You closely miss the warg. The warg bites you!
The gnoll sergeant closely misses you. You block the gnoll's attack.
You impale the warg!!
The warg is almost dead.
The warg misses you.
The gnoll sergeant hits you with a +3 spear of pain!
The gnoll completely misses you.
You hit the warg.
The warg is almost dead.
The warg misses you. You block the gnoll sergeant's attack.
The gnoll misses you.
You hit the warg but do no damage.
The warg is almost dead.
The warg bites you! You block the gnoll sergeant's attack.
You block the gnoll's attack. The warg bites you but does no damage.
The gnoll sergeant barely misses you.
Items here: ) †.
You see here a +0 halberd.
You have got your breath back.
The warg bites you.
You open the door. You block the warg's attack. x2
You block the orc warrior's attack.
There is an open door here.
You block the warg's attack. You block the cyan ugly thing's attack.
The warg bites you!
* * * LOW HITPOINT WARNING * * *
The cyan ugly thing trunk-slaps you!
* * * LOW HITPOINT WARNING * * *
The cyan ugly thing shocks you!
You die...

#########......########.......
###.......######...............#
##...####...### ###########.....#
#...##:.##....## #####.........
.......))......#####.....#.......
....##..##..go.......#####.......
.....####...##.......# ##.....#
.##.......o##..hu....# ##...##
##########'#....@....# #####
.##....))g.##.##...###
.....####)..##...#<# ..8.##
##g8.#.....# ....+.oo.o...#.###.#
..8.##..##.8.#...#.## .....##
...####....# .##.... ..## ###..#
##########'# #..#


You could see a cyan ugly thing, a warg, an orc warrior and a gnoll sergeant.

Vanquished Creatures
  Erica (D:9)
  A two-headed ogre (D:9)
  A komodo dragon (D:8)
  2 hornets (D:10)
  2 shadows (D:10)
  A wyvern (D:9)
  8 yaks
  2 steam dragons
  2 vampire mosquitoes
  Menkaure (D:7)
  8 water moccasins
  4 orc warriors
  An ice beast (D:6)
  3 sky beasts
  2 black bears
  2 ogres
  2 necrophages
  2 centaurs
  3 phantoms
  2 kobold brigands
  Blork the orc (D:6)
  6 bullfrogs
  A gnoll sergeant (D:8)
  8 scorpions
  2 killer bees (D:10)
  4 howler monkeys
  3 wights (D:8)
  3 centaur zombies
  A centaur skeleton (D:7)
  A gnoll shaman (D:6)
  An orc priest (D:10)
  4 scorpion zombies (Ossuary)
  9 orc wizards
  3 iguanas
  A hound zombie (D:5)
  A hound skeleton (D:5)
  4 mummies
  A howler monkey skeleton (D:4)
  11 gnolls
  7 adders
  A shadow imp (D:5)
  2 white imps
  2 worms
  2 dart slugs
  28 orcs
  9 bats
  8 endoplasms
  3 giant cockroaches
  A gnoll zombie (Ossuary)
  4 goblins
  6 hobgoblins
  3 jackals (D:2)
  14 kobolds
  2 quokkas
  5 ball pythons
  A frilled lizard (D:1)
  2 goblin zombies (Ossuary)
  A hobgoblin zombie (Ossuary)
  3 kobold zombies (Ossuary)
  3 orc zombies (Ossuary)
  3 rats
225 creatures vanquished.

Vanquished Creatures (collateral kills)
  3 yaks (D:10)
  A scorpion (Ossuary)
  4 killer bees (D:10)
  A scorpion zombie (Ossuary)
  A goblin zombie (Ossuary)
  A hobgoblin zombie (Ossuary)
11 creatures vanquished.

Vanquished Creatures (others)
  An endoplasm (D:4)
  41 fungi (D:8)
  52 plants (D:8)
94 creatures vanquished.

Grand Total: 330 creatures vanquished

Notes
Turn   | Place    | Note
-------+----------+-------------------------------------------
     0 | D:1      | jejorda2 the Draconian Berserker began the quest for the
                  | Orb.
     0 | D:1      | Reached XP level 1. HP: 19/19 MP: 1/1
    74 | D:1      | Found a faded altar of an unknown god.
   243 | D:1      | Reached XP level 2. HP: 25/26 MP: 2/2
   768 | D:2      | Reached XP level 3. HP: 23/33 MP: 3/3
   959 | D:2      | Reached ** piety under Trog
  1609 | D:2      | Reached skill level 4 in Maces & Flails
  2140 | D:3      | Found a shimmering blue altar of Sif Muna.
  2144 | D:3      | Found a sacrificial altar of Ru.
  2145 | D:3      | Found a shimmering altar of Xom.
  2145 | D:3      | Found a snail-covered altar of Cheibriados.
  2228 | D:3      | Found a glowing golden altar of the Shining One.
  2289 | D:3      | Noticed an ogre
  2298 | D:3      | Killed an ogre
  2299 | D:3      | Reached XP level 4. HP: 27/40 MP: 4/4
  2299 | D:3      | Reached XP level 5. HP: 32/46 MP: 5/5
  3256 | D:4      | Found an ancient bone altar of Kikubaaqudgha.
  3413 | D:4      | Found a staircase to the Ecumenical Temple.
  3432 | D:4      | Reached skill level 5 in Maces & Flails
  3432 | D:4      | Reached XP level 6. HP: 39/53 MP: 6/6
  3684 | D:4      | Found a sparkling altar of Nemelex Xobeh.
  3871 | D:5      | Entered Level 5 of the Dungeon
  3892 | D:5      | Found a sand-covered staircase.
  4023 | Ossuary  | Entered an ossuary
  4090 | Ossuary  | Reached skill level 5 in Fighting
  4270 | Ossuary  | Reached skill level 6 in Maces & Flails
  4270 | Ossuary  | Your scales start taking on a golden yellow colour.
  4270 | Ossuary  | Reached XP level 7. HP: 59/61 MP: 7/7
  4270 | Ossuary  | Gained mutation: You are resistant to acid. (rCorr) [Yellow
                  | Draconian growth]
  4441 | Ossuary  | Reached skill level 7 in Maces & Flails
  4464 | Ossuary  | Reached *** piety under Trog
  4666 | Ossuary  | Reached skill level 5 in Dodging
  4678 | Ossuary  | Reached XP level 8. HP: 50/70 MP: 8/8
  5117 | D:5      | Found a runed translucent gate.
  5118 | D:5      | Found a runed translucent gate.
  5118 | D:5      | Identified the +7 spear of Fediz {drain, *Rage +Blink Fly
                  | Stlth+}
  5118 | D:5      | Identified the +3 ring mail "Eschoytor" {rCorr Str-4 Int+2}
  5118 | D:5      | Noticed SkeletonJelly's ghost (novice DrMo)
  5119 | D:5      | Found a runed translucent gate.
  5120 | D:5      | Identified the +3 chain mail "Angechon" {rN+ rCorr Int+4
                  | Dex-5}
  5235 | D:5      | Reached skill level 8 in Maces & Flails
  5240 | D:5      | Found Poviufan's Book Emporium.
  5393 | D:5      | Found a burning altar of Makhleb.
  5396 | D:5      | Found a glowing silver altar of Zin.
  5396 | D:5      | Noticed a balrug
  5396 | D:5      | Noticed an angel
  5695 | D:6      | Identified a scroll of acquirement
  5695 | D:6      | Acquired a +4 ring of evasion
  5996 | D:6      | Noticed Blork the orc
  6006 | D:6      | Killed Blork the orc
  6154 | D:6      | Reached skill level 9 in Maces & Flails
  6386 | D:6      | Found an opulent altar of Gozag.
  6759 | D:6      | Reached XP level 9. HP: 75/75 MP: 9/9
  6968 | D:7      | Found a blossoming altar of Fedhas.
  6995 | D:7      | Reached skill level 10 in Maces & Flails
  7599 | D:7      | Noticed Menkaure
  7605 | D:7      | Killed Menkaure
  7605 | D:7      | Reached **** piety under Trog
  7606 | D:7      | Reached skill level 11 in Maces & Flails
  8327 | D:8      | Reached skill level 1 in Shields
  8330 | D:8      | Noticed a komodo dragon
  8339 | D:8      | Killed a komodo dragon
  8340 | D:8      | Reached skill level 12 in Maces & Flails
  8521 | D:8      | Reached XP level 10. HP: 69/82 MP: 10/10
  9399 | D:8      | Found a staircase to the Lair.
  9432 | D:8      | Reached skill level 13 in Maces & Flails
  9861 | D:9      | Found an iron altar of Okawaru.
  9865 | D:9      | Noticed a two-headed ogre
  9878 | D:9      | Killed a two-headed ogre
 10326 | D:9      | Reached skill level 5 in Shields
 10420 | D:9      | Noticed Erica
 10437 | D:9      | Killed Erica
 10438 | D:9      | Reached skill level 14 in Maces & Flails
 11087 | D:10     | Entered Level 10 of the Dungeon
 11155 | D:10     | Found a shadowy altar of Dithmenos.
 11264 | D:10     | Reached XP level 11. HP: 84/89 MP: 11/11
 11960 | D:10     | Found Nidipaaff's Magic Scroll Shop.
 11968 | D:10     | Bought a scroll of fog for 34 gold pieces
 11968 | D:10     | Bought a scroll of summoning for 161 gold pieces
 12163 | D:11     | Noticed a cyan ugly thing
 12358 | D:11     | Found a staircase to the Orcish Mines.
 12406 | D:11     | Mangled by a cyan ugly thing

Illustrated notes

Levels and vault maps discovered:
D:1:      dpeg_arrival_windows_large_door, layout_loops_ring,
          hellmonk_ecumenical_altar_pennies_from_heaven
D:2:      layout_basic, hangedman_glass_teeth
D:3:      layout_basic, lemuel_doored_altar, minitemple
D:4:      layout_rooms, nemelex_dance_club_becter, general_overflow_altar,
          temple_statues
D:5:      layout_rooms, grunt_temple_overflow_order_and_chaos_2,
          biasface_ghost_orc_armoury, serial_shops, nicolae_stop_n_shop_1,
          gup_ossuary_entry_pyramid
D:6:      layout_loops_ring, amcnicky_altar_gilded, corexii_hall_statues_x,
          hangedman_abyss_or_decor_slice, uniq_blork_the_orc
D:7:      layout_loops_ring, fedhas_altar_3, uniq_menkaure
D:8:      layout_cave_pods, due_lair_maze_entry_diamond,
          minmay_misc_feat_secret_circle
D:9:      layout_roguey, overflow_temple_1_default, hangedman_decor_lopped,
          grunt_decor_resistance, uniq_erica
D:10:     layout_long_grid, grunt_dithmenos_shadows, serial_shops,
          nicolae_shop_hallway_plus
D:11:     layout_rooms, david_orc_1_choice, grunt_decor_cap, uniq_urug,
          uniq_grum

Skill      XL: |  1  2  3  4  5  6  7  8  9 10 11 |
---------------+----------------------------------+-----
Dodging        | 3 4 5 6 |  6.0
Maces & Flails | 4 5 6 7 9 12 14 | 14.8
Fighting       | 4 5 6 |  6.0
Shields        | 2 5 6 |  6.5

Action                   |  1- 3 |  4- 6 |  7- 9 | 10-12 || total
-------------------------+-------+-------+-------+-------++-------
Melee: Mace              |   129 |    70 |       |       ||   199
       Tailslap          |    19 |    22 |    57 |    43 ||   141
       Flail             |       |    62 |   303 |    86 ||   451
       Morningstar       |       |       |       |   158 ||   158
Throw: Dart              |       |       |     5 |     5 ||    10
Invok: Berserk           |     1 |     1 |     6 |     6 ||    14
       Trog's Hand       |       |       |     1 |     1 ||     2
       Brothers in Arms  |       |       |       |     1 ||     1
 Abil: Breathe Acid      |       |       |    32 |    12 ||    44
  Use: Scroll            |       |       |    13 |     4 ||    17
 Stab: Sleeping          |     2 |     4 |     1 |     1 ||     8
Armor: Skin              |    39 |    35 |    55 |    46 ||   175
Dodge: Dodged            |    94 |    83 |   217 |   159 ||   553
Block: Kite shield       |       |       |       |    70 ||    70

Table legend: (Time is in decaauts)
 A = Elapsed time spent in this place.
 B = Non-inter-level travel time spent in this place.
 C = Inter-level travel time spent in this place.
 D = Time resting spent in this place.
 E = Time spent auto-exploring this place.
 F = Levels seen in this place.
 G = Mean time per level.
                   A        B        C        D        E       F      G
               +--------+--------+--------+--------+--------+-----+--------+
         Total |  12547 |  12155 |    392 |    858 |   9356 |  12 | 1045.6 |
       Dungeon |  11733 |  11341 |    392 |    817 |   8793 |  11 | 1066.6 |
       Ossuary |    813 |    813 |      0 |     40 |    562 |   1 |  813.0 |
               +--------+--------+--------+--------+--------+-----+--------+

Top non-repeatable levels by time:
     D:8: 1521 daAuts
     D:2: 1395 daAuts
     D:7: 1380 daAuts
     D:9: 1277 daAuts
     D:5: 1225 daAuts
     D:3: 1190 daAuts
    D:10: 1145 daAuts
     D:6: 1084 daAuts
 Ossuary: 813 daAuts
     D:4: 705 daAuts
     D:1: 653 daAuts
    D:11: 154 daAuts
